 Dungeon Crawl Stone Soup version 0.29-a0-870-g2c972031a6 (webtiles) character file.

Game seed: 12420154427273761109

34 tailcall the Trooper (level 3, -3/33 HPs)
             Began as a Minotaur Fighter on July 17, 2022.
             Slain by Terence
             ... wielding a +0 flail
              (7 damage)
             ... on level 2 of the Dungeon.
             The game lasted 00:00:38 (314 turns).

tailcall the Trooper (Minotaur Fighter)              Turns: 314, Time: 00:00:39

Health: -3/33      AC:  7    Str: 20    XL:     3   Next: 14%
Magic:  2/2        EV:  9    Int:  5    God:
Gold:   17         SH:  4    Dex: 11    Spells: 2/2 levels left

rFire   . . .      SeeInvis .   a - +0 war axe
rCold   . . .      Faith    .   c - +0 buckler
rNeg    . . .      Spirit   .   b - +0 scale mail
rPois   .          Reflect  .   (helmet restricted)
rElec   .          Harm     .   (no cloak)
rCorr   .          Rampage  .   (no gloves)
Will    .....                   (no boots)
Stlth   ..........              (no amulet)
HPRegen 0.11/turn               (no ring)
MPRegen 0.08/turn               (no ring)

@: no status effects
A: horns 2, retaliatory headbutt
a: no special abilities


You were on level 2 of the Dungeon.
You visited 1 branch of the dungeon, and saw 2 of its levels.

You collected 17 gold pieces.

Inventory:

Hand Weapons
 a - a +0 war axe (weapon)
Armour
 b - a +0 scale mail (worn)
 c - a +0 buckler (worn)
Scrolls
 f - a scroll of magic mapping {unknown}
Potions
 d - a potion of might
 e - a potion of brilliance {unknown}
 g - a potion of ambrosia {unknown}


   Skills:
 + Level 4.2 Fighting
 + Level 2.9 Axes
 + Level 4.1 Armour
 + Level 4.0 Shields


You had 2 spell levels left.
You didn't know any spells.
Your spell library was empty.

Dungeon Overview and Level Annotations

Branches:
Dungeon (1/15)

Altars:

Annotations:
D:2 Terence


Innate Abilities, Weirdness & Mutations

You have a pair of horns on your head.
You reflexively headbutt those who attack you in melee.


Message History

You see here a sedimented purple potion.
g - a sedimented purple potion An endoplasm comes into view.
The rat misses you.
You barely miss the rat.
The endoplasm quivers.
The rat closely misses you.
You hit the worm. You headbutt the worm.
The worm is severely wounded.
You barely miss the rat. The rat barely misses you. The worm bites you!
The rat bites you but does no damage.
You barely miss the worm. You headbutt the worm!
You kill the worm!
You barely miss the rat. The rat misses you.
You hit the endoplasm.
The endoplasm is moderately wounded.
You slash the rat!
You kill the rat!
You block the endoplasm's attack.
The endoplasm hits you but does no damage.
You slash the endoplasm!
You kill the endoplasm!
You completely miss Terence. Terence closely misses you. x2
You hit Terence but do no damage. Terence closely misses you.
You barely miss Terence. You headbutt Terence.
Terence is moderately wounded.
Terence hits you with a +0 flail!
You closely miss Terence.
Terence is moderately wounded.
Terence hits you with a +0 flail!
* * * LOW HITPOINT WARNING * * *
Terence hits you with a +0 flail.
* * * LOW HITPOINT WARNING * * *
You closely miss Terence. You headbutt Terence.
Terence is moderately wounded.
Terence barely misses you.
You barely miss Terence. You headbutt Terence, but do no damage.
Terence is moderately wounded.
Terence hits you with a +0 flail!
You die...

.# .## ..# .# .
#.#############.. ..
#..........$.... ..<
#..##.#.##.# #.# ....
#..##.#÷##.###.####.....
#..##.)..........@......
##.##.#)#|##.###@##..#
#....#÷............#
#.##.#.#.#.##.#.##.#
#.##...#........# #
#.#...[..#.#...
...#.#......#.##.#
.##........#...# #
#.#.##.#.#.#.#
............#...


You could see Terence.

Vanquished Creatures
  2 adders (D:2)
  2 worms (D:2)
  An orc (D:2)
  A bat (D:2)
  An endoplasm (D:2)
  2 hobgoblins (D:2)
  A frilled lizard (D:2)
  A kobold (D:2)
  A rat (D:2)
12 creatures vanquished.

Notes
Turn   | Place    | Note
-------+----------+-------------------------------------------
     0 | D:1      | tailcall the Minotaur Fighter began the quest for the Orb.
     0 | D:1      | Reached XP level 1. HP: 19/19 MP: 0/0
    22 | D:1      | You fall into a shaft and drop 1 floor!
    43 | D:2      | Reached XP level 2. HP: 15/27 MP: 1/1
    50 | D:2      | Reached XP level 3. HP: 8/33 MP: 2/2
   302 | D:2      | Noticed Terence
   314 | D:2      | Slain by Terence

Illustrated notes

Levels and vault maps discovered:
D:1:      tarquinn_simple_flora_water_a, layout_loops_cross,
          shapermc_ecumenical_altar_mp_vishouse, corexii_hall_statues_s
D:2:      layout_basic, basic_altar, minmay_diced_spiral, uniq_terence,
          uniq_sigmund

Skill      XL: |  1  2 |
---------------+-------+-----
Fighting       | 4 |  4.2
Armour         | 4 |  4.1
Shields        | 4 |  4.0
Axes           | |  2.9

Action                   || total
-------------------------++-------
Melee: War axe           ||    24
       Headbutt          ||     5
Armor: Scale mail        ||    19
Dodge: Dodged            ||    21
Block: Buckler           ||     6

Table legend: (Time is in decaauts)
 A = Elapsed time spent in this place.
 B = Non-inter-level travel time spent in this place.
 C = Inter-level travel time spent in this place.
 D = Time resting spent in this place.
 E = Time spent auto-exploring this place.
 F = Levels seen in this place.
 G = Mean time per level.
                   A        B        C        D        E       F      G
               +--------+--------+--------+--------+--------+-----+--------+
         Total |    323 |    323 |      0 |    230 |     27 |   2 |  161.5 |
       Dungeon |    323 |    323 |      0 |    230 |     27 |   2 |  161.5 |
               +--------+--------+--------+--------+--------+-----+--------+

Top non-repeatable levels by time:
     D:2: 301 daAuts
     D:1: 22 daAuts
